 Dungeon Crawl Stone Soup version 0.31.0-32-g396128a36d (webtiles) character file.

Game seed: 8419905890780782361

23671 Doomgape the Grappler (level 12, -4/123 HPs)
             Began as a Troll Shapeshifter on Mar 11, 2024.
             Was a High Priest of Okawaru.
             Slain by a death yak (13 damage)
             ... on level 1 of the Lair of Beasts.
             The game lasted 00:57:28 (12036 turns).

Doomgape the Grappler (Troll Shapeshifter)         Turns: 12036, Time: 00:57:29

Health: -4/123     AC:  7    Str: 35    XL:     12   Next: 73%
Magic:  0/11       EV: 11    Int:  6    God:    Okawaru [*****.]
Gold:   1707       SH:  0    Dex:  9    Spells: 11/11 levels left

rFire   . .          .
                       - Unarmed
rCold   . . .        (no shield)
rNeg    + . .        J - +0 steam dragon scales
rPois   +            (helmet currently unavailable)
rElec   .            (cloak currently unavailable)
rCorr   .            (gloves unavailable)
SInv    .            (boots unavailable)
Will    .....        N - amulet of Beveihu {Spirit rPois rN+}
Stlth   +            t - ring of poison resistance
HPRegen 1.20/turn    c - +6 ring of strength
MPRegen 0.12/turn

%: guardian spirit
@: about to teleport, beast-form
A: beast (slay +4), large, unfitting armour, claws 3, regeneration 1, shaggy fur
1, tough skin 1
a: Begin Untransformation, Renounce Religion, Heroism, Finesse, Duel


You were on level 1 of the Lair of Beasts.
You worshipped Okawaru.
Okawaru was extremely pleased with you.
You were a hulking beast.
You visited 3 branches of the dungeon, and saw 14 of its levels.
You also visited: Gauntlet.

You collected 1707 gold pieces.

Inventory:

Missiles
 a - 13 javelins
 l - 6 large rocks (quivered)
 v - a throwing net
 w - 2 silver javelins
Armour
 q - a +0 kite shield
 J - +0 steam dragon scales (worn)
 L - +0 acid dragon scales
 O - the +1 hat of Beogh's Benevolence {SInv Stlth+}
   (You found it in a Gauntlet)

   SInv:      It lets you see invisible.
   Stlth+:    It makes you more stealthy.
Jewellery
 c - a +6 ring of strength (right claw)
 t - a ring of poison resistance (left claw)
 y - a +6 ring of dexterity
 F - an amulet of regeneration
 M - a ring of willpower
 N - the amulet of Beveihu (around neck) {Spirit rPois rN+}
   (You found it in a Gauntlet)

   [amulet of guardian spirit]

   Spirit:    It causes incoming damage to be divided between your reserves of
   health and magic.
   rPois:     It protects you from poison rN+: It protects you from negative
   energy.
Talismans
 d - a flux talisman
 e - a beast talisman
 A - a maw talisman
Wands
 j - a wand of roots (13)
 H - a wand of digging (13)
Scrolls
 g - a scroll of summoning
 i - a scroll of fog
 o - 3 scrolls of amnesia
 p - a scroll of poison
 r - a scroll of identify
 x - 3 scrolls of teleportation
 D - a scroll of blinking
 I - 3 scrolls of immolation
 K - 3 scrolls of revelation
Potions
 b - a potion of curing
 h - 2 potions of ambrosia
 k - 2 potions of might
 m - a potion of heal wounds
 n - a potion of resistance
 s - 2 potions of enlightenment
 u - 2 potions of attraction
 z - a potion of haste
 G - a potion of cancellation
Miscellaneous
 P - a tin of tremorstones (2/2)
 Q - a lightning rod (4/4)


   Skills:
 - Level 9.1 Fighting
 + Level 7.4 Dodging
 + Level 12.4 Unarmed Combat
 + Level 11.4 Shapeshifting


You had 11 spell levels left.
You didn't know any spells.
Your spell library contained the following spells:

 Spells                   Type           Power      Damage    Failure   Level
 Sting                    Conj/Alch      0%         1d3       45%         1
 Mercury Vapours          Alch/Air       0%         N/A       58%         2
 Olgreb's Toxic Radiance  Alch           0%         N/A       99%         4
 Alistair's Intoxication  Alch           0%         N/A       100%        5
 Borgnjor's Vile Clutch   Necr/Erth      0%         N/A       100%        5
 Iskenderun's Battlesphe  Conj           0%         2d6       100%        5
 Lee's Rapid Deconstruct  Erth           0%         3d4*      100%        5
 Bombard                  Conj/Erth      0%         9d1       100%        6
 Eringya's Noxious Bog    Alch           0%         4d6       100%        6
 Animate Armour           Summ/Erth      Unusable   N/A       N/A         4
 Summon Lightning Spire   Summ/Air       Unusable   N/A       N/A         4
 Spellforged Servitor     Conj/Summ      Unusable   N/A       N/A         7

Dungeon Overview and Level Annotations

Branches:
Dungeon (12/15)            Temple (1/1) D:5            Lair (1/5) D:10
    Orc (0/2) D:12        Gauntlet (visited)

Altars:
Ashenzari
Cheibriados
Dithmenos
Elyvilon
Fedhas
Gozag
Hepliaklqana
Kikubaaqudgha
Makhleb
Nemelex Xobeh
Okawaru
Qazlal
Ru
Sif Muna
Trog
Uskayaw
Vehumet
Wu Jian
Xom
Yredelemnul
Zin
The Shining One

Shops:
D:4 (   D:7 =

Annotations:
D:5 2 runed translucent doors
D:8 2 transporters


Innate Abilities, Weirdness & Mutations

You are a hulking beast.
Your limbs bulge with bestial killing power. (Slay +4)
You are too large for most types of armour.
You have claws for hands.
Your natural rate of healing is unusually fast.
You are covered in fur. (AC +1)
You have tough skin. (AC +1)


Message History

The grasping roots constrict the death yak, but do no damage.
The roots release their grip on the death yak.
The death yak gores you but does no damage.
Unknown command.
You barely miss the death yak.
You claw the death yak, but do no damage.
The death yak barely misses you.
You scratch the death yak.
The death yak is lightly wounded.
Unknown command.
You mangle the death yak!!
The death yak is moderately wounded.
The death yak gores you!!
* * * LOW HITPOINT WARNING * * *
Unknown command.
You barely miss the death yak.
The death yak is moderately wounded.
The death yak gores you.
* * * LOW HITPOINT WARNING * * *
Unknown command.
You feel much better. The death yak gores you!!
* * * LOW HITPOINT WARNING * * *
A komodo dragon comes into view.
Unknown command.
The komodo dragon hisses angrily.
You scratch the death yak.
The death yak is moderately wounded.
The death yak gores you!
* * * LOW HITPOINT WARNING * * *
Unknown command.
You scratch the death yak.
The death yak is moderately wounded.
As you read the scroll of teleportation, it crumbles to dust.
You feel strangely unstable. The death yak gores you!!
* * * LOW HITPOINT WARNING * * *
Unknown command.
Unknown command.
The death yak attacks as it pursues you!
The death yak gores you!
You die...

### ### ####.###.##
###....##...†
#P...........
##...#.#..#...
##....##.#####.
###.#..###### ##
##..#Yl## ##.####.
#hY.Y#.l###.......
#....#Y.#.........
#...####...........
#.l..# ##.....#####
#....##
##...Y######
#....##
##....#####.##
#...# ##....##
#..... ...#
##...Y#####.....
#......##.......


You could see 3 death yaks and 2 komodo dragons.

Vanquished Creatures
  Frances (D:12)
  A minotaur (Gauntlet)
  Josephine (D:11)
  Erica (D:8)
  2 two-headed ogres (D:10)
  2 death yaks (Lair:1)
  A deep elf pyromancer (D:12)
  An oklob plant (Gauntlet)
  An ugly thing (D:12)
  Maurice (D:7)
  3 meliai (Gauntlet)
  A gargoyle (D:12)
  3 cane toads (Lair:1)
  2 unseen horrors
  A minotaur zombie (Gauntlet)
  2 komodo dragons
  3 trolls
  A hornet (D:10)
  A polar bear (Lair:1)
  4 wyverns
  6 wraiths
  A human (D:12)
  4 vampire mosquitoes (D:11)
  21 yaks
  A basilisk (Lair:1)
  2 steam dragons
  3 acid dragons
  3 swamp worms (Gauntlet)
  5 water moccasins
  2 black bears
  8 orc warriors
  A sky beast (D:7)
  8 wolves (Lair:1)
  An ogre (D:7)
  5 centaurs
  2 phantoms (D:6)
  2 kobold brigands (D:9)
  2 scorpions
  2 gnoll sergeants
  9 wights
  14 killer bees
  6 howler monkeys
  A bombardier beetle (D:5)
  A gnoll bouda (D:5)
  A hound (D:7)
  2 jellies
  12 orc priests
  A sleepcap (D:6)
  3 iguanas
  18 orc wizards
  16 gnolls
  4 adders
  A shadow imp (D:7)
  4 white imps
  2 ufetubi (D:6)
  3 dart slugs
  2 ribbon worms (D:3)
  44 orcs
  5 bats
  9 endoplasms
  4 giant cockroaches
  4 goblins
  13 hobgoblins
  15 jackals
  3 quokkas
  10 ball pythons
  7 frilled lizards
  16 kobolds
  4 rats
346 creatures vanquished.

Vanquished Creatures (others)
  2 centaurs (D:12)
2 creatures vanquished.

Grand Total: 348 creatures vanquished

Notes
Turn   | Place    | Note
-------+----------+-------------------------------------------
     0 | D:1      | Doomgape the Troll Shapeshifter began the quest for the
                  | Orb.
     0 | D:1      | Reached XP level 1. HP: 18/18 MP: 0/0
    51 | D:1      | Reached skill level 1 in Fighting
   107 | D:1      | Reached XP level 2. HP: 27/27 MP: 1/1
   283 | D:1      | Reached XP level 3. HP: 33/33 MP: 2/2
  1426 | D:3      | Reached XP level 4. HP: 42/42 MP: 3/3
  1465 | D:3      | Found a radiant altar of Vehumet.
  1465 | D:3      | Found a glowing silver altar of Zin.
  1664 | D:3      | Found a faded altar of an unknown god.
  1715 | D:3      | Reached XP level 5. HP: 49/49 MP: 4/4
  2209 | D:4      | Found Zabuik's Antique Weapon Emporium.
  2342 | D:4      | Reached skill level 4 in Unarmed Combat
  2842 | D:5      | Entered Level 5 of the Dungeon
  2960 | D:5      | Noticed a black bear
  2969 | D:5      | Killed a black bear
  2970 | D:5      | Reached XP level 6. HP: 48/59 MP: 5/5
  2982 | D:5      | Found a staircase to the Ecumenical Temple.
  3056 | Temple   | Entered the Ecumenical Temple
  3143 | Temple   | Became a worshipper of Warmaster Okawaru
  3319 | D:5      | Noticed an orc warrior
  3324 | D:5      | Killed an orc warrior
  3325 | D:5      | Reached XP level 7. HP: 67/67 MP: 6/6
  3369 | D:5      | Reached skill level 5 in Unarmed Combat
  3378 | D:5      | Reached * piety under Okawaru
  3771 | D:5      | Reached skill level 5 in Shapeshifting
  3892 | D:5      | Found a runed translucent door.
  3897 | D:5      | Found a runed translucent door.
  4032 | D:5      | Reached XP level 8. HP: 78/78 MP: 7/7
  4604 | D:6      | Reached ** piety under Okawaru
  4612 | D:6      | Reached skill level 6 in Unarmed Combat
  5097 | D:7      | Noticed Maurice
  5109 | D:7      | Something stole a beast talisman
  5110 | D:7      | Something stole a +0 kite shield
  5113 | D:7      | Killed Maurice
  5114 | D:7      | Reached skill level 5 in Dodging
  5114 | D:7      | Reached XP level 9. HP: 61/87 MP: 8/8
  5173 | D:7      | Found a faded altar of an unknown god.
  5173 | D:7      | Found a stormy altar of Qazlal.
  5185 | D:7      | Reached *** piety under Okawaru
  5186 | D:7      | Reached skill level 5 in Fighting
  5198 | D:7      | Found an opulent altar of Gozag.
  5207 | D:7      | Found a blossoming altar of Fedhas.
  5208 | D:7      | Found a shimmering blue altar of Sif Muna.
  5427 | D:7      | Reached skill level 7 in Unarmed Combat
  5612 | D:7      | Found Vessej's Jewellery Shop.
  5612 | D:7      | You fall into a shaft and drop 2 floors!
  5736 | D:8      | Reached **** piety under Okawaru
  5793 | D:8      | Found a transporter.
  6358 | D:8      | Noticed Erica
  6365 | D:8      | Killed Erica
  6366 | D:8      | Reached skill level 8 in Unarmed Combat
  6366 | D:8      | Reached XP level 10. HP: 87/100 MP: 9/9
  6708 | D:8      | Found a transporter.
  7014 | D:9      | Reached ***** piety under Okawaru
  7353 | D:9      | Found a hazy altar of Hepliaklqana.
  7627 | D:9      | Reached skill level 9 in Unarmed Combat
  7831 | D:9      | Identified a scroll of acquirement
  7831 | D:9      | Acquired 749 gold pieces
  7927 | D:10     | Entered Level 10 of the Dungeon
  7951 | D:10     | Found a staircase to the Lair.
  8101 | D:10     | Noticed a two-headed ogre
  8108 | D:10     | Killed a two-headed ogre
  8108 | D:10     | Received a gift from Okawaru
  8331 | D:10     | Noticed a two-headed ogre
  8337 | D:10     | Killed a two-headed ogre
  8338 | D:10     | Reached XP level 11. HP: 83/111 MP: 10/10
  8766 | D:11     | Received a gift from Okawaru
  8769 | D:11     | Reached skill level 10 in Unarmed Combat
  9025 | D:11     | Noticed Josephine
  9033 | D:11     | Killed Josephine
  9092 | D:11     | Found a gate leading to a gauntlet.
  9099 | Gauntlet | Entered a Gauntlet
  9099 | Gauntlet | Noticed an oklob plant
  9099 | Gauntlet | Found a transporter.
  9109 | Gauntlet | Found a transporter.
  9109 | Gauntlet | Found a transporter.
  9120 | Gauntlet | Found the +3 warlock's mirror {omnireflect}
  9125 | Gauntlet | Found a transporter.
  9128 | Gauntlet | Noticed an obsidian statue
  9136 | Gauntlet | Found a transporter.
  9148 | Gauntlet | Noticed a wretched star
  9149 | Gauntlet | Found a runed translucent door.
  9151 | Gauntlet | Found a transporter.
  9153 | Gauntlet | Found a runed translucent door.
  9161 | Gauntlet | Found a transporter.
  9161 | Gauntlet | Noticed a reaper
  9171 | Gauntlet | Found a transporter.
  9185 | Gauntlet | Found a transporter.
  9193 | Gauntlet | Found a runed translucent gate.
  9194 | Gauntlet | Found a transporter.
  9194 | Gauntlet | Found a runed translucent gate.
  9195 | Gauntlet | Found a runed translucent gate.
  9196 | Gauntlet | Found a transporter.
  9217 | Gauntlet | Found a runed translucent door.
  9264 | Gauntlet | Killed an oklob plant
  9300 | Gauntlet | Found a transporter.
  9341 | Gauntlet | Identified the amulet of Beveihu {Spirit rPois rN+}
  9432 | Gauntlet | Identified the +1 hat of Beogh's Benevolence {SInv Stlth+}
  9474 | Gauntlet | Noticed a minotaur
  9487 | Gauntlet | Killed a minotaur
  9488 | Gauntlet | Reached skill level 10 in Shapeshifting
  9564 | Gauntlet | Reached skill level 11 in Unarmed Combat
  9862 | D:12     | Received a gift from Okawaru
 10006 | D:12     | Noticed Frances
 10023 | D:12     | Noticed a sun demon
 10023 | D:12     | Killed Frances
 10023 | D:12     | Reached ****** piety under Okawaru
 10024 | D:12     | Reached XP level 12. HP: 66/123 MP: 5/11
 10140 | D:12     | Received a gift from Okawaru
 10144 | D:12     | Found a staircase to the Orcish Mines.
 10159 | D:12     | HP: 5/123 [white ugly thing (23)]
 11142 | Lair:1   | Entered Level 1 of the Lair of Beasts
 11486 | Lair:1   | Received a gift from Okawaru
 11504 | Lair:1   | Reached skill level 12 in Unarmed Combat
 11978 | Lair:1   | Noticed a death yak
 11979 | Lair:1   | Noticed a death yak
 11979 | Lair:1   | Noticed a death yak
 11980 | Lair:1   | Noticed a death yak
 12012 | Lair:1   | Killed a death yak
 12013 | Lair:1   | Noticed a death yak
 12022 | Lair:1   | Killed a death yak
 12033 | Lair:1   | HP: 6/123 [death yak (19)]
 12036 | Lair:1   | Slain by a death yak

Illustrated notes

Levels and vault maps discovered:
D:1:      ldierk_walled_garden, layout_loops_ring,
          chequers_serial_rivers_micro_e
D:2:      layout_basic
D:3:      layout_loops_ring, gammafunk_temple_overflow_elements,
          hellmonk_ecumenical_altar_dog_temple, minmay_crystal_water
D:4:      layout_loops_ring, serial_shops, shop, kennysheep_generic_room_8
D:5:      lemuel_insect_pit, layout_basic, minmay_temple_entry_arrows
D:6:      layout_rooms, minmay_misc_feat_hallway
D:7:      layout_loops_ring, chequers_temple_overflow_minitemple, serial_shops,
          kennysheep_little_box, kennysheep_generic_room_5, uniq_maurice
D:8:      gammafunk_steamed_eel, layout_basic, minmay_misc_feat_square,
          uniq_erica
D:9:      layout_long_grid, old_standard_altar
D:10:     layout_roguey, lair_entry_dummy
D:11:     layout_small_grid, gauntlet_entry_generic, minmay_misc_feat_x,
          uniq_josephine
D:12:     layout_loops_corners, erik_orc_4, uniq_frances
Temple:   regret_index_temple_waves
Lair:1:   layout_concentric_octagons

Skill      XL: |  1  2  3  4  5  6  7  8  9 10 11 12 |
---------------+-------------------------------------+-----
Fighting       | 1 2 3 4 6 7 9 |  9.1
Dodging        | 2 3 4 5 7 |  7.4
Unarmed Combat | 4 5 6 8 9 11 12 | 12.4
Shapeshifting  | 4 5 6 7 9 10 11 | 11.4

Action                     |  1- 3 |  4- 6 |  7- 9 | 10-12 || total
---------------------------+-------+-------+-------+-------++-------
  Melee: Unarmed           |    89 |   161 |   255 |   460 ||   965
         Punch             |       |     2 |     7 |    28 ||    37
  Throw: Large rock        |       |       |       |     2 ||     2
 Invoke: Heroism           |       |       |       |    11 ||    11
         Finesse           |       |       |       |     1 ||     1
  Evoke: Wand              |       |       |     8 |    17 ||    25
    Use: Scroll            |     2 |     5 |     2 |    17 ||    26
         Potion            |       |       |     2 |     1 ||     3
   Stab: Sleeping          |     1 |       |       |     1 ||     2
         Invisible         |       |       |     1 |     2 ||     3
 Armour: Animal skin       |    43 |    87 |   192 |   105 ||   427
         Steam dragon scal |       |       |       |   284 ||   284
  Dodge: Dodged            |    45 |    66 |   143 |   288 ||   542
